 Dungeon Crawl Stone Soup version 0.26-a0-670-g578ab304f5 (webtiles) character file.

Game seed: 9661502048268613465

22 PentaManta the Ruffian (level 2, 24/26 HPs)
             Began as a Ghoul Berserker on Oct 18, 2020.
             Was a Follower of Trog.
             Safely got out of the dungeon.
             The game lasted 00:02:32 (476 turns).

PentaManta the Ruffian (Ghoul Berserker)             Turns: 476, Time: 00:02:32

Health: 24/26      AC:  2    Str: 19    XL:     2   Next: 91%
Magic:  1/1        EV: 12    Int:  3    God:    Trog [*.....]
Gold:   6          SH:  0    Dex:  8    Spells: 1/1 levels left

rFire    . . .     SeeInvis .     - Unarmed
rCold    + + .     Faith    .   (no shield)
rNeg     + + +     Spirit   .   a - +0 animal skin
rPois    ∞         Reflect  .   (no helmet)
rElec    .         Harm     .   (no cloak)
rCorr    .         Rampage  .   (no gloves)
MR       .....                  (no boots)
Stlth    +.........             (no amulet)
HPRegen  0.08/turn              i - ring of protection from cold
MPRegen  0.07/turn              (no ring)

@: no status effects
A: rotting body, claws 1, cold resistance 1, negative energy resistance 3,
inhibited regeneration, torment resistance, unbreathing
a: Renounce Religion


You escaped.
You worshipped Trog.
Trog was aware of your devotion.
You visited 1 branch of the dungeon, and saw 1 of its levels.

You collected 6 gold pieces.

Inventory:

Missiles
 d - 54 stones (quivered)
 h - 14 poisoned darts
Armour
 a - a +0 animal skin (worn)
 e - a +0 chain mail
Jewellery
 i - a ring of protection from cold (left claw)
Scrolls
 b - 2 scrolls of teleportation {unknown}
 c - 2 scrolls of magic mapping {unknown}
 f - a scroll of remove curse {unknown}
 j - a scroll of identify {unknown}
 k - a scroll of random uselessness {unknown}
Potions
 g - a potion of lignification {unknown}


   Skills:
 + Level 3.5 Fighting
 + Level 2.0 Armour
 + Level 2.0 Dodging
 * Level 3.8 Unarmed Combat


You had one spell level left.
You didn't know any spells.
Your spell library was empty.

Dungeon Overview and Level Annotations

Branches:
Dungeon (1/15)

Altars:


Innate Abilities, Weirdness & Mutations

Your body is rotting away.
You thrive by killing the living.
You are immune to poison.
You have sharp fingernails.
Your flesh is cold resistant. (rC+)
You are immune to negative energy. (rN+++)
You do not regenerate when monsters are visible.
You are immune to unholy pain and torment.
You can survive without breathing.


Message History

You scratch the frilled lizard.
You kill the frilled lizard!
Trog accepts your kill.
d - 26 stones (gained 3)
Things that are here:
a +0 whip; a dart slug corpse
j - a scroll labeled LUSYASH HIRU
Things that are here:
a +0 dagger; a goblin corpse
k - a scroll labeled CUVVOM MIYSM You see here a robe.
You see here a bat skeleton.
d - 54 stones (gained 28)
There is a staircase leading out of the dungeon here.
Are you sure you want to leave the Dungeon?
This will make you lose the game!
Alright, then stay!
Are you sure you want to leave the Dungeon?
This will make you lose the game!
Alright, then stay!
Are you sure you want to leave the Dungeon?
This will make you lose the game!
You have escaped!

# #. #.### ...###
###########.#.##
###P#P#P#P#P#.....
#(............#.##
#@..PP........#.#
#.............#.#
###P#P#P#P#P#...#
###########...#
#...## ##.## #.#
..# ####


There were no monsters in sight!

Vanquished Creatures
  3 dart slugs (D:1)
  3 goblins (D:1)
  3 bats (D:1)
  A frilled lizard (D:1)
  5 kobolds (D:1)
  2 rats (D:1)
17 creatures vanquished.

Notes
Turn   | Place    | Note
-------+----------+-------------------------------------------
     0 | D:1      | PentaManta the Ghoul Berserker began the quest for the Orb.
     0 | D:1      | Reached XP level 1. HP: 19/19 MP: 0/0
   193 | D:1      | Reached XP level 2. HP: 25/26 MP: 1/1
   476 | D:$      | Safely got out of the dungeon.

Illustrated notes

Levels and vault maps discovered:
D:1:      minmay_arrival_plants_in_alcoves, layout_loops_ring

Skill      XL: |  1  2 |
---------------+-------+-----
Armour         | 2 |  2.0
Dodging        | 2 |  2.0
Fighting       | |  3.5
Unarmed Combat | |  3.8

Action                   || total
-------------------------++-------
Melee: Unarmed           ||    51
       Punch             ||     1
Armor: Animal skin       ||    12
Dodge: Dodged            ||    37

Table legend: (Time is in decaauts)
 A = Elapsed time spent in this place.
 B = Non-inter-level travel time spent in this place.
 C = Inter-level travel time spent in this place.
 D = Time resting spent in this place.
 E = Time spent auto-exploring this place.
 F = Levels seen in this place.
 G = Mean time per level.
                   A        B        C        D        E       F      G
               +--------+--------+--------+--------+--------+-----+--------+
         Total |    471 |    381 |     90 |      0 |    251 |   1 |  471.0 |
       Dungeon |    471 |    381 |     90 |      0 |    251 |   1 |  471.0 |
               +--------+--------+--------+--------+--------+-----+--------+

Top non-repeatable levels by time:
     D:1: 471 daAuts
